 Dungeon Crawl Stone Soup version 0.28-a0-751-gef3a642a4e (webtiles) character file.

Game seed: 9583983822031349189

369 avis the Insei (level 7, -2/49 HPs)
             Began as a Djinni Warper on Oct 31, 2021.
             Slain by a phantom (6 damage)
             ... on level 4 of the Dungeon.
             The game lasted 00:26:57 (6232 turns).

avis the Insei (Djinni Warper)                      Turns: 6232, Time: 00:26:57

Health: -2/49      AC:  5    Str: 10    XL:     7   Next: 1%
Gold:   137        EV: 11    Int: 17    God:
                   SH:  0    Dex: 12

rFire   + + .      SeeInvis .   w - +2 quarterstaff (chaos)
rCold   . . .      Faith    .   (shield currently unavailable)
rNeg    . . .      Spirit   .   a - +0 leather armour
rPois   ∞          Reflect  .   B - +0 helmet
rElec   .          Harm     .   z - +0 cloak
rCorr   .          Rampage  .   (no gloves)
Will    .....                   (boots unavailable)
Stlth   +.........              (no amulet)
HPRegen 0.16/turn               o - ring of protection from cold
MPRegen 0.00/turn               (no ring)

@: flying
A: sickness immunity, fire resistance 2, cold vulnerability 1, float, innate
caster, hp casting, extra vitality 1
a: no special abilities


You were on level 4 of the Dungeon.
You visited 1 branch of the dungeon, and saw 4 of its levels.

You collected 137 gold pieces.

Inventory:

Hand Weapons
 w - a +2 quarterstaff of chaos (weapon)
 y - a +0 vorpal hand axe
 A - a +0 hunting sling
 D - a +2 dagger of freezing
 G - a +5 mace of holy wrath
 H - a +2 whip of electrocution
Missiles
 c - 5 boomerangs of dispersal (quivered)
 g - 30 poisoned darts
 l - 19 sling bullets
 m - 53 stones
 v - 4 atropa-tipped darts
 F - a boomerang
Armour
 a - a +0 leather armour (worn)
 n - a +0 cloak
 z - a +0 cloak (worn)
 B - a +0 helmet (worn)
Magical Staves
 h - a staff of fire
 C - a staff of fire
Jewellery
 e - a ring of fire
 o - a ring of protection from cold (left hand)
 t - an amulet of faith
Wands
 j - a wand of mindburst (16)
Scrolls
 b - a scroll of blinking
 d - 3 scrolls of identify {unknown}
 k - a scroll of enchant weapon {unknown}
 p - 2 scrolls of vulnerability {unknown}
 s - a scroll of magic mapping {unknown}
 E - a scroll of teleportation {unknown}
Potions
 f - 4 potions of curing {unknown}
 i - 2 potions of ambrosia {unknown}
 q - a potion of mutation {unknown}
 r - a potion of magic {unknown}
 u - a potion of might {unknown}
 x - a potion of berserk rage {unknown}


   Skills:
 - Level 2.1 Fighting
 - Level 0.7 Throwing
 - Level 1.1 Armour
 - Level 2.4 Dodging
 * Level 6.3 Unarmed Combat
 - Level 3.0 Spellcasting


You couldn't memorise any spells.
You knew the following spells:

 Your Spells              Type           Power      Damage    Failure   Level
a - Animate Skeleton      Necr           24%        N/A       7%          1
b - Blink                 Tloc           24%        N/A       11%         2
c - Call Imp              Summ           12%        N/A       11%         2
d - Call Canine Familiar  Summ           12%        N/A       21%         3
g - Gell's Gravitas       Tloc           6%         N/A       21%         3
k - Lesser Beckoning      Tloc           12%        N/A       21%         3
o - Teleport Other        Tloc           12%        N/A       21%         3
M - Manifold Assault      Tloc           12%        N/A       88%         5
Your spell library was empty.

Dungeon Overview and Level Annotations

Branches:
Dungeon (4/15)
 Temple: D:4-7

Altars:
Kikubaaqudgha
Uskayaw
The Shining One


Innate Abilities, Weirdness & Mutations

You are immune to sickness and miasma.
You are immune to poison.
Your flesh is very heat resistant. (rF++)
You are vulnerable to cold. (rC-)
You float through the air rather than walking.
You learn spells naturally, not from books.
Your magical power is your life essence.
You have superior vitality. (+4 HP)


Message History

The phantom hits you.
You hit the phantom but do no damage.
The phantom flickers and vanishes!
Deactivating autopickup; reactivate with Ctrl-A.
Something hits you but does no damage.
Your shadow imp barely misses something.
Something hits you!
You blink.
You swap places.
Something barely misses your shadow imp.
Your shadow imp barely misses something.
Something hits your shadow imp but does no damage.
Your shadow imp barely misses something.
Something hits your shadow imp.
Something closely misses your shadow imp.
Your shadow imp hits something.
Something hits your shadow imp.
Your shadow imp blinks!
You swap places.
Something hits you but does no damage. Something hits you but does no damage.
Something barely misses you. Something hits you but does no damage.
You swap places.
Something hits your shadow imp.
Your shadow imp dies!
Your shadow imp disappears in a puff of smoke!
You closely miss something. Something hits you.
* * * LOW HITPOINT WARNING * * *
You blink.
Something hits you.
* * * LOW HITPOINT WARNING * * *
Casting: Call Imp (safe; 11% risk of failure)
Confirm with . or Enter, or press ? or * to list all spells.
A beastly little devil appears in a puff of frigid air.
* * * LOW HITPOINT WARNING * * *
Something hits you but does no damage. Something hits you but does no damage.
Your white imp barely misses something.
Something completely misses you. Something hits you but does no damage.
Something hits you.
* * * LOW HITPOINT WARNING * * *
You blink.
Unknown command.
You hit something. Something hits you.
You die...

#####.#
#.# #.#
#.# #5#
#§# #(#
#.# #@#
#.# #.#
#.# ..#
... ###


You could see a friendly white imp (summoned).

Vanquished Creatures
  2 orc wizards
  Natasha (D:3)
  2 adders (D:2)
  An adder skeleton (D:4)
  3 worms (D:2)
  A dart slug (D:4)
  6 orcs
  8 ball pythons
  2 bats
  4 endoplasms
  2 giant cockroaches (D:2)
  7 goblins
  10 hobgoblins
  5 kobolds
  4 quokkas
  7 frilled lizards
  5 rats
70 creatures vanquished.

Vanquished Creatures (collateral kills)
  Crazy Yiuf (D:3)
  An orc priest (D:4)
  Natasha (twice) (D:3)
  2 orc wizards (D:3)
  An adder (D:3)
  8 orcs
  An endoplasm (D:3)
  A goblin (D:3)
  A hobgoblin (D:3)
  A frilled lizard (D:3)
  2 kobolds (D:3)
  A rat (D:3)
22 creatures vanquished.

Vanquished Creatures (others)
  3 fungi (D:3)
3 creatures vanquished.

Grand Total: 95 creatures vanquished

Notes
Turn   | Place    | Note
-------+----------+-------------------------------------------
     0 | D:1      | avis the Djinni Warper began the quest for the Orb.
     0 | D:1      | Reached XP level 1. HP: 18/18 MP: 0/0
   233 | D:1      | Reached XP level 2. HP: 8/23 MP: 0/0
   531 | D:1      | Found a faded altar of an unknown god.
   806 | D:1      | Reached XP level 3. HP: 28/28 MP: 0/0
   806 | D:1      | Learned a level 1 spell: Animate Skeleton
   842 | D:1      | You are sucked into a shaft and drop 1 floor!
  1599 | D:2      | Reached skill level 3 in Unarmed Combat
  1745 | D:2      | Reached XP level 4. HP: 24/33 MP: 0/0
  3137 | D:3      | Noticed Natasha
  3149 | D:3      | Killed Natasha
  3150 | D:3      | Reached skill level 4 in Unarmed Combat
  3150 | D:3      | Reached XP level 5. HP: 9/38 MP: 0/0
  3150 | D:3      | Learned a level 2 spell: Call Imp
  3787 | D:3      | Found a glowing golden altar of the Shining One.
  3791 | D:3      | Noticed Natasha
  3800 | D:3      | Killed Natasha
  4083 | D:3      | Reached skill level 5 in Unarmed Combat
  4331 | D:3      | Noticed Natasha
  4367 | D:3      | Killed Natasha
  4368 | D:3      | Reached XP level 6. HP: 31/43 MP: 0/0
  4685 | D:3      | Found a runed translucent door.
  4686 | D:3      | Noticed Crazy Yiuf
  4722 | D:3      | Killed Crazy Yiuf
  4960 | D:3      | Noticed a +0 hand axe
  4960 | D:3      | Noticed a +0 dagger
  4963 | D:3      | Found a hide-covered altar of Uskayaw.
  5706 | D:4      | Reached skill level 6 in Unarmed Combat
  5795 | D:4      | Reached XP level 7. HP: 16/49 MP: 0/0
  5795 | D:4      | Learned a level 3 spell: Call Canine Familiar
  5803 | D:4      | Noticed a nameless horror
  6232 | D:4      | Slain by a phantom

Illustrated notes

Levels and vault maps discovered:
D:1:      shiori_arrival_elements, layout_rooms,
          shapermc_ecumenical_altar_mp_highgroup, minmay_misc_feat_hallway
D:2:      layout_basic, basic_altar, grunt_ministairs_11, minmay_octomino_j4
D:3:      layout_basic, nicolae_tso_swordbearing_angel, dancing_weapons_uskayaw,
          kennysheep_generic_room_13, uniq_natasha, uniq_crazy_yiuf_cottage
D:4:      layout_basic, kennysheep_mini_moat

Skill      XL: |  1  2  3  4  5  6 |
---------------+-------------------+-----
Unarmed Combat | 3 4 5 6 |  6.3
Spellcasting   | 3 |  3.0
Fighting       | |  2.1
Throwing       | |  0.7
Armour         | |  1.1
Dodging        | |  2.4

Action                   |  1- 3 |  4- 6 |  7- 9 || total
-------------------------+-------+-------+-------++-------
Melee: Unarmed           |   174 |   124 |       ||   298
       Punch             |       |     2 |       ||     2
       Quarterstaff      |       |    34 |    11 ||    45
 Cast: Animate Skeleton  |       |    30 |     2 ||    32
       Call Imp          |       |    40 |     4 ||    44
       Blink             |       |       |     2 ||     2
 Stab: Sleeping          |     1 |       |       ||     1
       Distracted        |       |     1 |       ||     1
Armor: Leather armour    |    34 |    43 |     9 ||    86
Dodge: Dodged            |    71 |    73 |    14 ||   158

Table legend: (Time is in decaauts)
 A = Elapsed time spent in this place.
 B = Non-inter-level travel time spent in this place.
 C = Inter-level travel time spent in this place.
 D = Time resting spent in this place.
 E = Time spent auto-exploring this place.
 F = Levels seen in this place.
 G = Mean time per level.
                   A        B        C        D        E       F      G
               +--------+--------+--------+--------+--------+-----+--------+
         Total |   6242 |   5889 |    353 |   2694 |   1824 |   4 | 1560.5 |
       Dungeon |   6242 |   5889 |    353 |   2694 |   1824 |   4 | 1560.5 |
               +--------+--------+--------+--------+--------+-----+--------+

Top non-repeatable levels by time:
     D:3: 2449 daAuts
     D:2: 2236 daAuts
     D:1: 1271 daAuts
     D:4: 285 daAuts
